 Dungeon Crawl Stone Soup version 0.25-a0-1133-g93ebf739aa (webtiles) character file.

Game seed: 17183462615106914443, levelgen mode: deterministic

161 gruber the Magician (level 5, 0/28 HPs)
             Began as a Deep Elf Fire Elementalist on May 21, 2020.
             Succumbed to Edmund's poison
             ... on level 4 of the Dungeon.
             The game lasted 00:06:34 (3470 turns).

gruber the Magician (Deep Elf Fire Elementalist)    Turns: 3470, Time: 00:06:35

Health: 0/28       AC:  2    Str:  5    XL:     5   Next: 18%
Magic:  5/14       EV: 13    Int: 21    God:
Gold:   196        SH:  5    Dex: 15    Spells: 1/14 levels left

rFire    . . .     SeeInvis .   (no weapon)
rCold    . . .     Gourm    .   (no shield)
rNeg     . . .     Faith    .   a - +0 robe
rPois    .         Spirit   .   (no helmet)
rElec    .         Reflect  +   (no cloak)
rCorr    .         Harm     .   (no gloves)
MR       .....                  (no boots)
Stlth    ++........             l - amulet of reflection
HPRegen  0.09/turn              s - ring of wizardry
MPRegen  0.14/turn              (no ring)

@: lethally poisoned (0 -> -25)
A: no striking features
a: no special abilities


You were on level 4 of the Dungeon.
You were near starving.

You visited 1 branch of the dungeon, and saw 4 of its levels.

You collected 196 gold pieces.

Inventory:

Armour
 a - a +0 robe (worn)
Jewellery
 l - an amulet of reflection (around neck)
 s - a ring of wizardry (left hand)
Scrolls
 e - 8 scrolls of identify {unknown}
 f - a scroll of enchant armour {unknown}
 h - a scroll of noise {unknown}
 i - a scroll of teleportation {unknown}
 j - a scroll of fog {unknown}
 m - a scroll of fear {unknown}
 n - a scroll of magic mapping {unknown}
 o - a scroll of immolation {unknown}
 p - a scroll of blinking {unknown}
 q - a scroll of amnesia {unknown}
Potions
 b - 2 potions of stabbing {unknown}
 d - a potion of brilliance {unknown}
 g - a potion of lignification {unknown}
 k - a potion of magic {unknown}
 r - 2 potions of resistance {unknown}
 t - a potion of invisibility {unknown}
Comestibles
 c - 8 rations


   Skills:
 - Level 2.4 Dodging
 - Level 2.4 Stealth
 + Level 5.1 Spellcasting
 + Level 2.6 Conjurations
 + Level 4.8 Fire Magic


You had one spell level left.
You knew the following spells:

 Your Spells              Type           Power        Failure   Level  Hunger
a - Foxfire               Conj/Fire      ###.         1%          1    None
b - Conjure Flame         Conj/Fire      ###.....     2%          3    ##.....
c - Sticky Flame          Conj/Fire      ###.....     9%          4    ####...
d - Fireball              Conj/Fire      ###.......   26%         5    #####..

Your spell library contained the following spells:

 Spells                   Type           Power        Failure   Level  Hunger
 Inner Flame              Hex/Fire       ###.....     4%          3    ##.....
 Confusing Touch          Hex            #.......     13%         3    ##.....
 Gell's Gravitas          Tloc           #.........   13%         3    ##.....
 Petrify                  Tmut/Erth      #.......     38%         4    ####...
 Metabolic Englaciation   Hex/Ice        #.........   71%         5    #####..
 Yara's Violent Unravell  Hex/Tmut       #.........   71%         5    #####..


Dungeon Overview and Level Annotations

Branches:
Dungeon (4/15)
 Temple: D:4-7

Altars:
Wu Jian

Shops:
D:4 }(

Annotations:
D:4 Edmund


Message History

Aim: Edmund, wielding a +3 dire flail of venom and wearing a +0 ring mail (heavily wounded)
The sticky flame hits Edmund but does no damage.
Edmund is heavily wounded.
Edmund is covered in liquid flames!
Edmund burns!
Edmund hits you with a +3 dire flail of venom!!
Ouch! That really hurt!
You are lethally poisoned!
* * * LOW HITPOINT WARNING * * *
You feel very sick.
Edmund burns!
* * * LOW HITPOINT WARNING * * *
You feel sick.
Edmund burns!
* * * LOW HITPOINT WARNING * * *
You feel sick.
Edmund burns!
Casting: Sticky Flame (quite dangerous; 9% risk of failure)
Confirm with . or Enter, or press ? or * to list all spells.
Okay, then.
Unknown command.
* * * LOW HITPOINT WARNING * * *
You feel sick.
Edmund burns!
Edmund stops burning.
You die...

############ #########
#.......)..# ........#
#.########.#
##.###.##### #...
######..........###.##
#.##
#...@.###......(......
#....####.###.#
#...........##
#......#
#@###.#..##.#####
#.....#####
#....##..##.# #....@
#..####..##.# #.!...
#..# #..##.######
#..... #..#
#........[. ......l
#..# #.##.#####.
.#..... #..#####.##.#
#. #%....
###.#........# #.
#..∩..###.#### ##.


You could see Edmund.

Vanquished Creatures
  An orc wizard (D:3)
  An iguana (D:4)
  A worker ant (D:4)
  An adder (D:3)
  2 oozes
  4 leopard geckos
  6 orcs (D:3)
  A ball python (D:3)
  3 giant cockroaches
  5 goblins
  5 hobgoblins
  4 jackals (D:4)
  6 bats
  2 frilled lizards
  5 kobolds
  A leopard gecko skeleton (D:4)
  7 rats
55 creatures vanquished.

Vanquished Creatures (collateral kills)
  A rat (D:1)
1 creature vanquished.

Vanquished Creatures (others)
  149 foxfires
149 creatures vanquished.

Grand Total: 205 creatures vanquished

Notes
Turn   | Place    | Note
-------+----------+-------------------------------------------
     0 | D:1      | gruber the Deep Elf Fire Elementalist began the quest for
                  | the Orb.
     0 | D:1      | Reached XP level 1. HP: 10/10 MP: 6/6
   136 | D:1      | Reached XP level 2. HP: 15/15 MP: 4/8
  1263 | D:2      | Reached XP level 3. HP: 19/19 MP: 8/10
  1526 | D:3      | Reached skill level 4 in Spellcasting
  1601 | D:3      | Reached XP level 4. HP: 23/24 MP: 6/12
  2091 | D:3      | Found a faded altar of an unknown god.
  2885 | D:4      | Found Koqacoos's Weapon Shop.
  3155 | D:4      | Found an ornate altar of the Wu Jian Council.
  3164 | D:4      | Reached skill level 5 in Spellcasting
  3164 | D:4      | Reached XP level 5. HP: 13/28 MP: 6/14
  3369 | D:4      | Found Odihir's Gadget Emporium.
  3383 | D:4      | Learned a level 3 spell: Conjure Flame
  3388 | D:4      | Learned a level 4 spell: Sticky Flame
  3394 | D:4      | Learned a level 5 spell: Fireball
  3443 | D:4      | Noticed Edmund
  3470 | D:4      | Succumbed to Edmund's poison

Illustrated notes

Levels and vault maps discovered:
D:1:      minmay_arrival_plants_in_alcoves, layout_rooms
D:2:      layout_basic
D:3:      layout_loops_ring, chequers_ecumenical_altar_simple, first_ration
D:4:      layout_loops_ring, kennysheep_little_box, serial_shops,
          nicolae_shop_crystal, nicolae_shop_statue_plus, uniq_edmund

Skill      XL: |  1  2  3  4 |
---------------+-------------+-----
Fire Magic     | 4 |  4.8
Spellcasting   | 4 5 |  5.1
Conjurations   | 2 |  2.6
Dodging        | |  2.4
Stealth        | |  2.4

Action                   |  1- 3 |  4- 6 || total
-------------------------+-------+-------++-------
Melee: Unarmed           |       |    45 ||    45
 Cast: Foxfire           |    62 |    59 ||   121
       Conjure Flame     |       |     1 ||     1
       Sticky Flame      |       |     1 ||     1
  Eat: Chunk             |     2 |     4 ||     6
Armor: Robe              |     4 |    22 ||    26
Dodge: Dodged            |    12 |    86 ||    98
Block: Other             |       |    12 ||    12

Table legend:
 A = Non-vault XP
 B = Vault XP
 C = Vault XP percentage of total XP
 D = Non-vault monster count
 E = Vault monster count
 F = Vault count percentage of total count
                 A         B        C        D         E       F
            +---------+---------+-------+---------+---------+-------
      Total |     230 |       0 |   0.0 |      56 |       0 |   0.0
            +---------+---------+-------+---------+---------+-------
        D:1 |      18 |       0 |   0.0 |      12 |       0 |   0.0
        D:2 |      27 |       0 |   0.0 |      14 |       0 |   0.0
        D:3 |      99 |       0 |   0.0 |      21 |       0 |   0.0
        D:4 |      86 |       0 |   0.0 |       9 |       0 |   0.0
            +---------+---------+-------+---------+---------+-------
